Map: [ESL] Oceanborn

Players

ShoWTimE

  • Race: Protoss Protoss
  • Spawn Location: 11:00

Clem - Winner!

  • Race: Terran Terran
  • Spawn Location: 5:00

Event: ESL SC2 Masters 2023 Winter (Regional)

VOD

Have the link to the VOD?

Description

Time

  • Played on: Nov. 18, 2023, 11:17 a.m.
  • Length: 8:06

All games in this series

Show
View Real Time Build Order
Export as new Build Order

ShoWTimE Protoss 

Build Orders: 1 Gate Expand, Blink Stalkers 

Get SALT Encoding   

  12  0:00  Probe  
  13  0:12  Probe  
  14  0:17  Pylon  
  14  0:24  Probe (Chrono Boost)  
  15  0:36  Gateway, Probe (Chrono Boost)  
  16  0:44  Probe (Chrono Boost)  
  16  0:45  Assimilator  
  17  0:50  Probe  
  18  1:03  Probe  
  19  1:15  Probe  
  20  1:23  Cybernetics Core  
  20  1:31  Nexus  
  20  1:33  Probe  
  21  1:40  Pylon  
  21  1:45  Probe  
  22  1:47  Assimilator  
  22  1:57  Probe, Warp Gate (Chrono Boost), Adept (Chrono Boost)  
  25  2:10  Probe  
  26  2:19  Stalker  
  26  2:22  Probe  
  29  2:33  Twilight Council  
  29  2:36  Probe (Chrono Boost)  
  30  2:40  Gateway  
  30  2:42  Probe (Chrono Boost)  
  31  2:50  Stalker  
  34  2:52  Probe (Chrono Boost)  
  34  2:53  Probe (Chrono Boost)  
  35  2:59  Probe x2  
  35  3:04  Blink (Chrono Boost)  
  37  3:11  Probe x2  
  39  3:16  Pylon  
  39  3:21  Robotics Facility  
  39  3:23  Probe  
  39  3:24  Probe  
  41  3:35  Probe  
  41  3:36  Probe  
  41  3:40  Stalker  
  44  3:42  Stalker  
  44  3:47  Assimilator  
  44  3:48  Probe  
  47  3:50  Probe  
  48  3:57  Pylon  
  48  4:00  Probe  
  49  4:04  Stalker, Probe  
  49  4:06  Stalker  
  54  4:15  Probe  
  54  4:16  Observer, Probe  
  57  4:27  Probe  
  57  4:28  Probe  
  59  4:34  Stalker x2  
  59  4:39  Probe  
  59  4:40  Probe  
  59  4:48  Nexus  
  59  4:52  Observer  
  60  4:55  Probe x2, Pylon  
  62  5:05  Pylon  
  62  5:09  Shield Battery  
  62  5:13  Probe x2  
  64  5:14  Stalker x2  
  68  5:25  Probe x2  
  68  5:30  Gateway x2  
  68  5:31  Charge (Chrono Boost)  
  68  5:37  Probe x2  
  68  5:42  Sentry x2  
  72  5:47  Gateway x2  
  72  5:49  Probe x2  
  74  5:52  Gateway  
  74  5:57  Observer  
  74  6:01  Gateway, Probe x2  
  74  6:02  Probe  
  77  6:05  Sentry  
  77  6:09  Shield Battery  
  79  6:12  Stalker  
  79  6:13  Probe  
  79  6:16  Pylon  
  82  6:20  Pylon  
  82  6:25  Stalker x2  
  83  6:31  Nexus  
  85  6:37  Probe  
  85  6:38  Probe x2  
  86  6:42  Stalker x2  
  86  6:45  Pylon  
  86  6:46  Pylon  
  90  6:50  Forge  
  90  6:51  Zealot  
  90  6:53  Probe x2  
  94  6:55  Probe  
  94  6:58  Zealot x2  
  94  7:01  Observer  
  100  7:05  Pylon  
  100  7:06  Probe x2  
  100  7:07  Probe  
  103  7:12  Shield Battery  
  103  7:15  Pylon  
  103  7:17  Zealot x3  
  103  7:18  Probe  
  103  7:20  Zealot  
  103  7:22  Zealot  
  104  7:26  Zealot  
  106  7:36  Zealot x2  
  110  7:37  Stalker x3  
  110  7:42  Stalker  
  114  7:50  Zealot x2  
  116  7:56  Zealot x2  
Show
View Real Time Build Order
Export as new Build Order

Clem Terran - Winner!

Build Orders: Gas First Reaper Expand 

Get SALT Encoding   

  12  0:01  SCV  
  13  0:13  SCV  
  14  0:17  Supply Depot  
  14  0:25  SCV  
  14  0:28  Refinery  
  15  0:38  SCV  
  16  0:43  Barracks  
  16  0:50  SCV  
  17  1:03  SCV  
  18  1:15  SCV  
  19  1:30  Orbital Command, Reaper  
  20  1:42  Command Center  
  20  1:54  Factory  
  20  1:57  SCV  
  21  2:06  Barracks Reactor  
  21  2:12  SCV, Supply Depot  
  22  2:23  Refinery  
  22  2:24  SCV  
  23  2:36  SCV  
  24  2:42  Starport  
  24  2:46  Hellion x2  
  24  2:48  SCV  
  29  2:54  Orbital Command  
  29  2:58  Barracks Tech Lab  
  29  3:00  SCV  
  30  3:08  Widow Mine x2  
  34  3:13  SCV  
  34  3:18  Marine  
  36  3:20  SCV, Supply Depot  
  36  3:25  Medivac  
  39  3:29  SCV  
  39  3:33  Widow Mine  
  41  3:35  SCV  
  41  3:41  SCV  
  39  3:47  Bunker, SCV  
  40  3:53  Barracks, SCV  
  41  3:57  Marine x2  
  41  3:59  Starport Tech Lab, SCV  
  41  4:01  Siege Tank  
  47  4:05  SCV  
  47  4:06  Supply Depot  
  48  4:11  SCV  
  48  4:14  Barracks  
  49  4:18  Raven  
  49  4:19  SCV  
  49  4:21  Marine x2  
  54  4:27  SCV  
  54  4:31  SCV  
  50  4:39  SCV  
  50  4:41  Siege Tank, Marine  
  50  4:43  SCV  
  50  4:44  Supply Depot  
  50  4:45  Refinery  
  54  4:51  SCV, Supply Depot  
  55  4:55  SCV, Marine  
  55  4:58  Refinery  
  55  4:59  Marine, Marauder  
  60  5:01  Engineering Bay  
  60  5:02  Marine  
  60  5:05  Stimpack  
  61  5:07  SCV  
  61  5:08  SCV  
  61  5:12  Supply Depot  
  61  5:13  Marine  
  64  5:17  Marine  
  64  5:19  SCV  
  64  5:20  SCV  
  66  5:24  Marauder  
  66  5:27  Starport Reactor  
  68  5:30  Marine  
  68  5:31  SCV  
  68  5:32  Marauder, SCV  
  68  5:34  Terran Infantry Weapons Level 1  
  73  5:37  Marine  
  73  5:38  Supply Depot  
  74  5:43  SCV  
  74  5:45  Marauder  
  74  5:46  Combat Shield, Supply Depot  
  77  5:50  Marine  
  77  5:53  Factory Reactor  
  77  5:54  Marauder  
  81  6:00  Command Center  
  81  6:02  Marine  
  81  6:06  Marauder  
  81  6:07  Medivac, Marine  
  86  6:15  Marauder, Medivac  
  90  6:25  Supply Depot  
  88  6:28  Marauder  
  88  6:31  Widow Mine, Marine  
  88  6:32  Widow Mine  
  95  6:33  Barracks, Marine  
  95  6:34  Barracks  
  95  6:36  Marine  
  95  6:39  Medivac  
  99  6:43  Supply Depot  
  99  6:46  Concussive Shells  
  99  6:49  Medivac  
  99  6:50  Marauder  
  99  6:51  Marine  
  99  6:53  Marine  
  107  6:54  Widow Mine  
  107  6:58  Widow Mine  
  109  7:05  Marauder  
  109  7:07  Supply Depot  
  111  7:09  Marine  
  111  7:11  Marauder  
  116  7:16  Widow Mine  
  116  7:19  Medivac  
  116  7:22  SCV x2, Supply Depot  
  120  7:25  Medivac, Widow Mine  
  120  7:27  Marauder  
  126  7:30  Barracks Reactor, Barracks Tech Lab  
  126  7:33  Marine  
  126  7:37  SCV, Marine  
  126  7:39  Widow Mine  
  126  7:41  SCV, Marauder  
  133  7:51  Supply Depot  
Tags
 
Add a new tag
Caveats
  • Supply blocks, unpowered buildings, or Contaminate may cause inaccurate times.
  • Supply counts are checked every 10 seconds.